 Dungeon Crawl Stone Soup version 0.17-a0-2055-gb4e23be (webtiles) character file.

386 esc the Slasher (level 6, -7/39 HPs)
             Began as a Tengu Berserker on Oct 11, 2015.
             Was a Priest of Trog.
             Mangled by an ogre
             ... wielding a +0 giant club
              (15 damage)
             ... on level 4 of the Dungeon.
             The game lasted 00:08:02 (4109 turns).

esc the Slasher (Tengu Berserker)                   Turns: 4109, Time: 00:08:02

Health: -7/39      AC:  9    Str: 17    XL:     6   Next: 78%
Magic:  7/7        EV: 14    Int:  7    God:    Trog [***...]
Gold:   197        SH:  0    Dex: 16    Spells: 0 memorised, 5 levels left

rFire  . . .     SeeInvis .     n - +0 falchion (protect)
rCold  . . .     Clarity  .     b - +0 animal skin
rNeg   . . .     SustAt   .     (no shield)
rPois  .         Gourm    .     (helmet restricted)
rElec  .         Spirit   .     s - +1 cloak
rCorr  .         Warding  .     (no gloves)
rMut   .         Stasis   .     (boots unavailable)
MR     +....                    (no amulet)
Stlth  +.........               (no ring)
                                r - ring of protection from magic {MR+, !d}

@: exhausted, somewhat resistant to hostile enchantments, very unstealthy
A: beak, talons 3, able to fly 1
a: Fly, Burn Spellbooks, Berserk, Trog's Hand, Renounce Religion


You were on level 4 of the Dungeon.
You worshipped Trog.
Trog was most pleased with you.
You were not hungry.

You visited 1 branch of the dungeon, and saw 4 of its levels.

You collected 197 gold pieces.

Inventory:

Hand Weapons
 a - a +0 falchion
 n - a +0 falchion of protection (weapon)
   (You found it on level 2 of the Dungeon)
Missiles
 j - 8 poisoned needles
 q - 3 needles of sleeping
 u - 8 needles of confusion
Armour
 b - a +0 animal skin (worn)
 s - a +1 cloak (worn)
   (You took it off Crazy Yiuf on level 3 of the Dungeon)
Jewellery
 r - a ring of protection from magic (left hand) {MR+, !d}
   (You found it on level 3 of the Dungeon)
Wands
 t - a wand of digging (11)
   (You took it off Crazy Yiuf on level 3 of the Dungeon)
Scrolls
 o - 2 scrolls of teleportation
Potions
 e - a potion of mutation {unknown}
 h - 2 potions of curing
 i - a potion of cancellation {unknown}
 k - 3 potions of haste
 l - 2 potions of invisibility
 m - a potion of berserk rage {unknown}
 v - a potion of agility {unknown}
Comestibles
 c - 3 bread rations {@e1}
 d - 4 fruits
 f - 12 chunks of flesh {@w0}
 g - 3 meat rations {@e2}
 p - a slice of pizza


   Skills:
 + Level 4.4 Fighting
 + Level 4.8 Long Blades
 + Level 4.3 Armour
 + Level 4.3 Dodging


You had 5 spell levels left.
You didn't know any spells.

Dungeon Overview and Level Annotations

Branches:
Dungeon (4/15)
 Temple: D:4-7

Altars:
Ashenzari


Innate Abilities, Weirdness & Mutations

You have a beak for a mouth.
You have claws for feet.
You can fly.


Message History

An orc comes into view.
The orc shouts!
The orc closely misses you.
An orc comes into view. It is wielding a dagger.
You are feeling hungry.
The orc shouts!
You slash the orc!
You kill the orc!
Trog accepts your kill. The orc wizard barely misses you.
You closely miss the orc wizard. Your kick misses the orc wizard.
You peck the orc wizard. The orc wizard closely misses you.
You slash the orc wizard!
You kill the orc wizard!
Trog accepts your kill.
Trog appreciates your killing of a magic user.
You are no longer berserk.
You are exhausted.
You feel yourself slow down.
You are feeling very hungry.
You now have 37/39 hp.
You hit the orc. Your kick misses the orc. The orc hits you.
You take 5 damage, and have 32/39 hp.
You barely miss the orc. You claw the orc, but do no damage. You peck the orc.
The orc hits you but does no damage. The orc misses you.
You hit the orc. You claw the orc. The orc hits you but does no damage.
You barely miss the orc. You claw the orc.
You kill the orc!
Trog accepts your kill. The orc hits you with a short sword.
The orc misses you. The orc completely misses you.
The orc hits you but does no damage.
You take 5 damage, and have 28/39 hp.
You hit the orc. Your kick misses the orc. You peck the orc.
You kill the orc!
Trog accepts your kill. The orc hits you but does no damage.
You hit the orc. Your kick misses the orc. You peck the orc, but do no damage.
The orc completely misses you. The orc barely misses you.
You closely miss the orc. You peck the orc.
The orc hits you but does no damage.
You closely miss the orc. You claw the orc. Your peck misses the orc.
The orc barely misses you. x2
You hit the orc.
You kill the orc!
Trog accepts your kill.
Items here: )) [ †† a dagger x2 a robe; an orc corpse; an orc corpse You butcher the orc corpse.
f - 4 chunks of flesh {@w0}
Items here: )) [ † a dagger x2 a robe; an orc corpse You butcher the orc corpse.
f - 7 chunks of flesh {@w0} (gained 3)
Things that are here:
a dagger x2 a robe There isn't anything to butcher here.
Items here: )) [ † a short sword; a flail; a dyed leather armour; an orc corpse You butcher the orc corpse.
f - 10 chunks of flesh {@w0} (gained 3)
Things that are here:
a short sword; a flail; a dyed leather armour There isn't anything to butcher here.
There isn't anything to butcher here.
There isn't anything to butcher here.
Things that are here:
a mace; a robe; the orc corpse of Blork the orc
Things that are here:
a mace; a robe; the orc corpse of Blork the orc You butcher the orc corpse of Blork the orc.
f - 13 chunks of flesh {@w0} (gained 3)
Things that are here:
a mace; a robe; the orc skeleton of Blork the orc There isn't anything to butcher here.
There isn't anything to butcher here.
Search for what [Enter for "long", or ? for help]?
Can't find anything matching that.
Eating one of 13 chunks of flesh {@w0}.
You continue eating. x2
You feel yourself speed up.
An ogre comes into view. It is wielding a giant club.
The ogre shouts!
You regained 2 hp, and now have 34/39 hp.
You slash the ogre! The ogre closely misses you.
You hit the ogre. You claw the ogre. The ogre hits you with a giant club!
You take 16 damage, and have 18/39 hp.
MASSIVE DAMAGE!!
You hit the ogre but do no damage. You claw the ogre.
Your peck misses the ogre. The ogre barely misses you.
You barely miss the ogre. You claw the ogre, but do no damage.
You hit the ogre but do no damage. You claw the ogre, but do no damage.
The ogre hits you with a giant club!
* * * LOW HITPOINT WARNING * * *
You take 10 damage, and have 8/39 hp.
MASSIVE DAMAGE!!
You hit the ogre. You claw the ogre. The ogre hits you with a giant club!
You die...

#.)############.#
...#####.........
#.#
............####.
#.# ...######.#.#
#.. #.#.####.##
### #..(.......
#...####.. #...#
#..@# ##.O.......
...........
###..######. #..#
#... #... .#.#


You could see an ogre.

Vanquished Creatures
  An ogre (D:4)
  Blork the orc (D:4)
  A crimson imp (D:3)
  Crazy Yiuf (D:3)
  An orc wizard (D:4)
  7 adders
  3 worms (D:2)
  4 giant geckos
  6 orcs
  3 ball pythons
  7 bats
  A giant cockroach (D:2)
  8 goblins
  8 hobgoblins
  4 jackals
  7 kobolds
  A quokka (D:4)
  4 giant newts
  14 rats
82 creatures vanquished.

Notes
Turn   | Place    | Note
--------------------------------------------------------------
     0 | D:1      | esc the Tengu Berserker began the quest for the Orb.
     0 | D:1      | Reached XP level 1. HP: 14/14 MP: 2/2
   283 | D:1      | Reached XP level 2. HP: 9/19 MP: 3/3
   611 | D:1      | Reached XP level 3. HP: 13/23 MP: 4/4
   624 | D:1      | HP: 5/23 [poisoned by an adder]
   629 | D:1      | HP: 4/23 [poisoned by an adder]
  1362 | D:2      | Reached skill level 3 in Dodging
  1364 | D:2      | Acquired Trog's second power
  1893 | D:2      | Reached XP level 4. HP: 24/28 MP: 5/5
  2017 | D:2      | Reached skill level 3 in Armour
  2525 | D:2      | Reached skill level 4 in Long Blades
  2660 | D:3      | Noticed Crazy Yiuf
  2672 | D:3      | Killed Crazy Yiuf
  2672 | D:3      | Gained mutation: You can fly. [Tengu growth]
  2672 | D:3      | Reached XP level 5. HP: 14/33 MP: 6/6
  3069 | D:3      | Found a shattered altar of Ashenzari.
  3810 | D:4      | Noticed an ogre
  3823 | D:4      | Killed an ogre
  3823 | D:4      | Reached skill level 4 in Fighting
  3823 | D:4      | Reached skill level 4 in Armour
  3823 | D:4      | Reached skill level 4 in Dodging
  3823 | D:4      | Reached XP level 6. HP: 16/38 MP: 7/7
  4055 | D:4      | Noticed Blork the orc
  4061 | D:4      | Killed Blork the orc
  4100 | D:4      | Noticed an ogre
  4108 | D:4      | HP: 8/39 [ogre/giant club (10)]
  4109 | D:4      | Mangled by an ogre

Vault maps used:
D:1:      dpeg_arrival_water_fire, eino_curves_01, minmay_cupped
D:2:      minmay_rat_gold_closets
D:3:      cheibrodos_ashenzari_chains, uniq_crazy_yiuf_cottage
D:4:      first_bread, minmay_goblin_kobold_house, uniq_blork_the_orc

Action                   |  1- 3 |  4- 6 || total
-------------------------+-------+-------++-------
Melee: Falchion          |    70 |   148 ||   218
Invok: Berserk           |     1 |     2 ||     3
 Abil: Fly               |       |     1 ||     1
  Use: Scroll            |     5 |     5 ||    10
       Potion            |       |     1 ||     1
 Stab: Sleeping          |       |     6 ||     6
  Eat: Chunk             |     3 |    10 ||    13

Vault maps used:
D:1:      dpeg_arrival_water_fire, eino_curves_01, minmay_cupped
D:2:      minmay_rat_gold_closets
D:3:      cheibrodos_ashenzari_chains, uniq_crazy_yiuf_cottage
D:4:      first_bread, minmay_goblin_kobold_house, uniq_blork_the_orc

Table legend:
 A = Turns spent in this place as a percentage of turns spent in the entire game.
 B = Non-inter-level travel turns spent in this place as a percentage of non-inter-level travel turns spent in the entire game.
 C = Inter-level travel turns spent in this place as a percentage of turns spent in this place.
 D = Turns resting spent in this place as a percentage of non-inter-level travel turns spent in this place.
 E = Turns spent auto-exploring this place as a percentage of non-inter-level travel turns spent in this place.
 F = Non-inter-level travel turns spent in this place divided by the number of levels of this place that you've seen.
                   A       B       C       D       E      F
               +-------+-------+-------+-------+-------+----------------------
         Total | 100.0 | 100.0 |   0.4 |   4.7 |  12.2 | 195.2
       Dungeon | 100.0 | 100.0 |   0.4 |   4.7 |  12.2 | 195.2
               +-------+-------+-------+-------+-------+----------------------

Table legend:
 A = Kills in this place as a percentage of kills in entire the game.
 B = Kills by you in this place as a percentage of kills by you in the entire game.
 C = Kills by friends in this place as a percentage of kills by friends in the entire game.
 D = Other kills in this place as a percentage of other kills in the entire game.
 E = Experience gained in this place as a percentage of experience gained in the entire game.
 F = Experience gained in this place divided by the number of levels of this place that you have seen.
                   A       B       C       D       E      F
               +-------+-------+-------+-------+-------+----------------------
         Total | 100.0 | 100.0 |  -nan |  -nan | 100.0 | 138.0
       Dungeon | 100.0 | 100.0 |  -nan |  -nan | 100.0 | 138.0
               +-------+-------+-------+-------+-------+----------------------
